[Event "5th EKA IIFL Investment 2019"]
[Site "Mumbai"]
[Date "2019.12.30"]
[Round "1.21"]
[White "Krishna C R G"]
[Black "Jubin Jimmy"]
[Result "1-0"]
[ECO "A40"]
[WhiteElo "2459"]
[BlackElo "2193"]
[Annotator "ChessBase"]
[PlyCount "57"]
[EventDate "2019.12.30"]
[EventType "swiss"]
[EventCountry "IND"]
[SourceTitle "playchess.com"]
[Source "ChessBase"]
[SourceQuality "1"]
[TimeControl "40/5400+30:1800+30"]

1. d4 Nf6 2. c4 e6 3. g3 d5 4. Nf3 Bb4+ 5. Bd2 Be7 6. Bg2 O-O 7. O-O Nbd7 8. Qc2 c6 9. Rc1 b6 10. a4 Ba6 11. b3 Qb8 12. Na3 Rc8 13. b4 Ne4 14. Be1 h6 15. Rab1 Bb7 16. Qb3 a6 17. Nd2 Nxd2 18. Bxd2 Nf6 19. Bf4 Bd6 20. Bxd6 Qxd6 21. c5 Qd8 22. cxb6 Qxb6 23. Qc3 Re8 24. Nc2 e5 25. dxe5 Ng4 26. Qc5 Qxc5 27. bxc5 Bc8 28. f4 Bf5 29. e4 1-0

[Event "5th EKA IIFL Investment 2019"]
[Site "Mumbai"]
[Date "2019.12.30"]
[Round "1.22"]
[White "Masango, Spencer"]
[Black "Mirzoev, Azer"]
[Result "0-1"]
[ECO "A06"]
[WhiteElo "2181"]
[BlackElo "2457"]
[Annotator "ChessBase"]
[PlyCount "84"]
[EventDate "2019.12.30"]
[EventType "swiss"]
[EventCountry "IND"]
[SourceTitle "playchess.com"]
[Source "ChessBase"]
[SourceQuality "1"]
[TimeControl "40/5400+30:1800+30"]

1. Nf3 d5 2. g3 c6 3. Bg2 Bg4 4. h3 Bh5 5. O-O Nd7 6. d3 e5 7. c4 dxc4 8. dxc4 Ngf6 9. Nc3 Qc7 10. Be3 Bc5 11. Qd2 O-O 12. Bxc5 Nxc5 13. Qe3 Nfd7 14. Rad1 f5 15. b4 Ne6 16. Qd2 Rf7 17. Ng5 Nxg5 18. Qxg5 Bg6 19. h4 Nf8 20. h5 h6 21. Qh4 Bh7 22. c5 Rf6 23. Qc4+ Kh8 24. b5 Bg8 25. Qb4 a5 26. Qa3 e4 27. Rd6 Ne6 28. bxc6 bxc6 29. g4 Nf4 30. Rfd1 Qe7 31. Qc1 fxg4 32. Rxf6 Qxf6 33. Nxe4 Nxe2+ 34. Kf1 Nxc1 35. Nxf6 Bc4+ 36. Ke1 Nd3+ 37. Rxd3 Bxd3 38. Nxg4 Re8+ 39. Kd2 Be4 40. f3 Bd5 41. a3 Rb8 42. Kc2 Rb5 0-1

[Event "5th EKA IIFL Investment 2019"]
[Site "Mumbai"]
[Date "2019.12.30"]
[Round "1.23"]
[White "Nguyen, Van Huy"]
[Black "Gandhi, Anish"]
[Result "0-1"]
[ECO "D85"]
[WhiteElo "2457"]
[BlackElo "2168"]
[Annotator "ChessBase"]
[PlyCount "52"]
[EventDate "2019.12.30"]
[EventType "swiss"]
[EventCountry "IND"]
[SourceTitle "playchess.com"]
[Source "ChessBase"]
[SourceQuality "1"]
[TimeControl "40/5400+30:1800+30"]

1. d4 Nf6 2. c4 g6 3. Nc3 d5 4. cxd5 Nxd5 5. Bd2 Nb6 6. e4 Qxd4 7. Qc2 Nc6 8. Nf3 Qc5 9. Rc1 Bg7 10. Nb5 Qxc2 11. Rxc2 O-O 12. Nxc7 Rb8 13. Be3 Nb4 14. Rd2 Bg4 15. a3 Rbc8 16. Bf4 Nc6 17. Nb5 Na4 18. Rc2 Nxb2 19. Be2 Bxf3 20. gxf3 Na4 21. Bd1 a6 22. Nc7 Nc3 23. O-O Nxd1 24. Rxd1 e5 25. Rd7 exf4 26. Nd5 Rb8 0-1

[Event "5th EKA IIFL Investment 2019"]
[Site "Mumbai"]
[Date "2019.12.30"]
[Round "1.24"]
[White "Manish Kumar"]
[Black "Shyaamnikhil P"]
[Result "1/2-1/2"]
[ECO "B28"]
[WhiteElo "2168"]
[BlackElo "2455"]
[Annotator "ChessBase"]
[PlyCount "113"]
[EventDate "2019.12.30"]
[EventType "swiss"]
[EventCountry "IND"]
[SourceTitle "playchess.com"]
[Source "ChessBase"]
[SourceQuality "1"]
[TimeControl "40/5400+30:1800+30"]

1. e4 c5 2. Nf3 a6 3. c4 e6 4. Nc3 Qc7 5. a3 Nf6 6. d4 cxd4 7. Nxd4 b6 8. Be3 Bb7 9. f3 d6 10. Be2 Nbd7 11. Rc1 Rc8 12. O-O Be7 13. Qd2 Qb8 14. b4 O-O 15. Rfd1 Rfe8 16. Nb3 Bf8 17. Bf4 Ne5 18. Bxe5 dxe5 19. Qe3 Bc6 20. c5 bxc5 21. Nxc5 Qb6 22. Qf2 a5 23. Rb1 Red8 24. Rxd8 Rxd8 25. Na6 Qd4 26. Rd1 Qxf2+ 27. Kxf2 Rxd1 28. Bxd1 Bb7 29. Nc5 Bxc5+ 30. bxc5 Nd7 31. Na4 f6 32. Nb6 Nxb6 33. cxb6 Kf7 34. Ke3 Ke7 35. Ba4 Kd6 36. Kd2 Kc5 37. Bd7 Kxb6 38. Bxe6 Kc5 39. Kc3 Ba6 40. g3 Be2 41. f4 Ba6 42. fxe5 fxe5 43. Bg8 h6 44. Bd5 Bc8 45. Ba8 Be6 46. Bb7 Kb5 47. Ba8 Ka4 48. Kb2 Kb5 49. Kc3 Kb6 50. Kd3 Kc5 51. Kc3 g5 52. Bb7 Kb6 53. Ba8 Kc5 54. Bb7 Kb6 55. Ba8 Kc5 56. Bb7 Kb6 57. Ba8 1/2-1/2

[Event "5th EKA IIFL Investment 2019"]
[Site "Mumbai"]
[Date "2019.12.30"]
[Round "1.25"]
[White "Koustav Chatterjee"]
[Black "Patil, Pratik"]
[Result "1/2-1/2"]
[ECO "A15"]
[WhiteElo "2447"]
[BlackElo "2167"]
[Annotator "ChessBase"]
[PlyCount "81"]
[EventDate "2019.12.30"]
[EventType "swiss"]
[EventCountry "IND"]
[SourceTitle "playchess.com"]
[Source "ChessBase"]
[SourceQuality "1"]
[TimeControl "40/5400+30:1800+30"]

1. c4 Nf6 2. g3 c6 3. Nf3 g6 4. b3 Bg7 5. Bb2 O-O 6. Bg2 d5 7. O-O Bf5 8. d3 Qc8 9. Re1 Bh3 10. Bh1 h6 11. Nbd2 Nbd7 12. Rc1 Qd8 13. cxd5 cxd5 14. e4 dxe4 15. dxe4 Rc8 16. Qe2 Nc5 17. Bd4 Ne6 18. Bxf6 Rxc1 19. Rxc1 Bxf6 20. Qe3 Bg7 21. Bg2 Bxg2 22. Kxg2 Qa5 23. Rc2 Rd8 24. Nc4 Qa6 25. h4 h5 26. Rd2 Rxd2 27. Qxd2 Qc6 28. Qd5 Qxd5 29. exd5 Nc7 30. d6 exd6 31. Nxd6 b5 32. Ng5 f6 33. Nh3 Bf8 34. Ne4 Nd5 35. a4 bxa4 36. bxa4 Kf7 37. Kf3 Kg8 38. Kg2 Kf7 39. Kf3 Kg8 40. Kg2 Kf7 41. Kf3 1/2-1/2

[Event "5th EKA IIFL Investment 2019"]
[Site "Mumbai"]
[Date "2019.12.30"]
[Round "1.26"]
[White "Kulkarni, Vinayak"]
[Black "Rahman, Ziaur"]
[Result "1/2-1/2"]
[ECO "A40"]
[WhiteElo "2167"]
[BlackElo "2440"]
[Annotator "ChessBase"]
[PlyCount "86"]
[EventDate "2019.12.30"]
[EventType "swiss"]
[EventCountry "IND"]
[SourceTitle "playchess.com"]
[Source "ChessBase"]
[SourceQuality "1"]
[TimeControl "40/5400+30:1800+30"]

1. d4 b6 2. e4 Bb7 3. Bd3 g6 4. Nf3 Bg7 5. O-O d6 6. a4 a6 7. a5 b5 8. c4 c6 9. Bd2 Nd7 10. Re1 e5 11. cxb5 axb5 12. d5 Nc5 13. Bf1 Nf6 14. Bg5 Qd7 15. Bxf6 Bxf6 16. Nc3 O-O 17. b4 Na6 18. Qb3 Nc7 19. dxc6 Bxc6 20. Red1 Bg7 21. Rd2 Rfe8 22. Rad1 Bf8 23. Ne1 Ne6 24. Nc2 Qb7 25. Nd5 Red8 26. Nce3 Nd4 27. Qc3 Rac8 28. Qa3 Bh6 29. Ng4 Bxd2 30. Ngf6+ Kg7 31. Rxd2 Bxd5 32. Nxd5 Re8 33. Qe3 Qa7 34. Nb6 Rcd8 35. Rxd4 exd4 36. Qxd4+ f6 37. Bxb5 Re5 38. Bc4 d5 39. f3 Rh5 40. exd5 Qe7 41. Bf1 Qa7 42. Bc4 Qe7 43. Bf1 Qa7 1/2-1/2

[Event "5th EKA IIFL Investment 2019"]
[Site "Mumbai"]
[Date "2019.12.30"]
[Round "1.27"]
[White "Das, Sayantan"]
[Black "Thanki, Hemal Karsanji"]
[Result "1-0"]
[ECO "B31"]
[WhiteElo "2440"]
[BlackElo "2164"]
[Annotator "ChessBase"]
[PlyCount "97"]
[EventDate "2019.12.30"]
[EventType "swiss"]
[EventCountry "IND"]
[SourceTitle "playchess.com"]
[Source "ChessBase"]
[SourceQuality "1"]
[TimeControl "40/5400+30:1800+30"]

1. e4 c5 2. Nf3 Nc6 3. Bb5 g6 4. O-O Bg7 5. c3 Nf6 6. Re1 O-O 7. d4 d5 8. e5 Ne4 9. Nbd2 cxd4 10. cxd4 Nxd2 11. Bxd2 Qb6 12. Bxc6 Qxc6 13. h3 Bf5 14. Bb4 Rfe8 15. Rc1 Qb5 16. Qd2 Rac8 17. Nh4 Qd7 18. a4 h5 19. Qg5 e6 20. Rxc8 Qxc8 21. a5 Be4 22. f3 Bd3 23. Qe3 Ba6 24. Rc1 Qd7 25. g4 hxg4 26. fxg4 Rc8 27. Rxc8+ Qxc8 28. Qc3 Qd7 29. Nf3 b6 30. axb6 axb6 31. Kf2 Qb5 32. Kg3 Bh6 33. Be7 Qf1 34. Qc6 Bb5 35. Qc8+ Kh7 36. Bf6 Bg7 37. Ng5+ Kh6 38. Nxf7+ Kh7 39. Ng5+ Kh6 40. Bxg7+ Kxg7 41. Nxe6+ Kf7 42. Ng5+ Kg7 43. Qc7+ Kg8 44. Qh7+ Kf8 45. Qh8+ Ke7 46. Qg7+ Ke8 47. Qxg6+ Ke7 48. Qe6+ Kd8 49. Qf6+ 1-0

[Event "5th EKA IIFL Investment 2019"]
[Site "Mumbai"]
[Date "2019.12.30"]
[Round "1.28"]
[White "Chitlange Sakshi"]
[Black "Sardana, Rishi"]
[Result "0-1"]
[ECO "A40"]
[WhiteElo "2163"]
[BlackElo "2428"]
[Annotator "ChessBase"]
[PlyCount "82"]
[EventDate "2019.12.30"]
[EventType "swiss"]
[EventCountry "IND"]
[SourceTitle "playchess.com"]
[Source "ChessBase"]
[SourceQuality "1"]
[TimeControl "40/5400+30:1800+30"]

1. d4 Nf6 2. c4 e6 3. g3 d5 4. Nf3 Bb4+ 5. Bd2 Bd6 6. Nc3 O-O 7. Bg5 Be7 8. Bg2 dxc4 9. Qa4 a6 10. Qxc4 b5 11. Qb3 Bb7 12. O-O Nbd7 13. Rfd1 c5 14. Ne5 Bxg2 15. Kxg2 c4 16. Qc2 Rc8 17. Rd2 b4 18. Na4 h6 19. Bxf6 Nxf6 20. e4 Qc7 21. Rc1 Qb7 22. f3 Qb5 23. Nxc4 Rxc4 24. Qxc4 Qxa4 25. b3 Qa3 26. Rcc2 g5 27. Qc7 Re8 28. Qc6 Rd8 29. d5 g4 30. d6 gxf3+ 31. Kxf3 Bf8 32. Qc7 Rd7 33. Qb6 a5 34. Rc8 a4 35. Qe3 axb3 36. axb3 Qa1 37. Kg2 Qe5 38. Rd4 Rxd6 39. Qxh6 Nh7 40. Rdc4 Qb2+ 41. Rc2 Qxc2+ 0-1

[Event "5th EKA IIFL Investment 2019"]
[Site "Mumbai"]
[Date "2019.12.30"]
[Round "1.29"]
[White "Khusenkhojaev, Muhammad"]
[Black "Pandey Srishti"]
[Result "1/2-1/2"]
[ECO "E63"]
[WhiteElo "2427"]
[BlackElo "2162"]
[Annotator "ChessBase"]
[PlyCount "52"]
[EventDate "2019.12.30"]
[EventType "swiss"]
[EventCountry "IND"]
[SourceTitle "playchess.com"]
[Source "ChessBase"]
[SourceQuality "1"]
[TimeControl "40/5400+30:1800+30"]

1. Nf3 Nf6 2. c4 g6 3. d4 Bg7 4. g3 O-O 5. Bg2 d6 6. O-O Nc6 7. Nc3 a6 8. b3 Rb8 9. d5 Na5 10. Bd2 c5 11. a4 e6 12. Qc2 exd5 13. cxd5 b5 14. axb5 axb5 15. e4 b4 16. Na4 Nxe4 17. Qxe4 Bxa1 18. Rxa1 Nxb3 19. Rd1 Bf5 20. Qc4 Na5 21. Qa2 Ra8 22. Nb2 Rb8 23. Na4 Ra8 24. Nb2 Rb8 25. Na4 Ra8 26. Nb2 Rb8 1/2-1/2

[Event "5th EKA IIFL Investment 2019"]
[Site "Mumbai"]
[Date "2019.12.30"]
[Round "1.30"]
[White "Pranav, Shetty"]
[Black "Hesham, Abdelrahman"]
[Result "0-1"]
[ECO "B92"]
[WhiteElo "2162"]
[BlackElo "2416"]
[Annotator "ChessBase"]
[PlyCount "58"]
[EventDate "2019.12.30"]
[EventType "swiss"]
[EventCountry "IND"]
[SourceTitle "playchess.com"]
[Source "ChessBase"]
[SourceQuality "1"]
[TimeControl "40/5400+30:1800+30"]

1. e4 c5 2. Nf3 d6 3. d4 cxd4 4. Nxd4 Nf6 5. Nc3 a6 6. Be2 e5 7. Nf3 h6 8. Nd2 Be6 9. Nc4 Qc7 10. Ne3 Nbd7 11. a4 Rc8 12. O-O g6 13. g3 Qa5 14. Bf3 h5 15. Bg2 h4 16. f4 hxg3 17. hxg3 Qc5 18. Rf2 Nb6 19. fxe5 Qxe5 20. Ned5 Ng4 21. Bf4 Qh5 22. Kf1 Nd7 23. Rd2 g5 24. Be3 Rxc3 25. bxc3 Bxd5 26. Bg1 Bc4+ 27. Ke1 Bg7 28. Ra3 Be5 29. Qf3 Rh6 0-1

[Event "5th EKA IIFL Investment 2019"]
[Site "Mumbai"]
[Date "2019.12.30"]
[Round "1.31"]
[White "Sundararajan, Kidambi"]
[Black "Zia, Tahsin Tajwar"]
[Result "1/2-1/2"]
[ECO "A13"]
[WhiteElo "2414"]
[BlackElo "2148"]
[Annotator "ChessBase"]
[PlyCount "84"]
[EventDate "2019.12.30"]
[EventType "swiss"]
[EventCountry "IND"]
[SourceTitle "playchess.com"]
[Source "ChessBase"]
[SourceQuality "1"]
[TimeControl "40/5400+30:1800+30"]

1. c4 e6 2. Nf3 d5 3. e3 Nf6 4. Nc3 b6 5. d4 Bb7 6. cxd5 exd5 7. Bb5+ c6 8. Bd3 Bb4 9. O-O O-O 10. Bd2 Nbd7 11. Ne2 Bd6 12. Ng3 Bxg3 13. hxg3 Ne4 14. Bb4 Re8 15. Nh4 Qg5 16. Qf3 a5 17. Bc3 Ba6 18. Bxa6 Rxa6 19. Rac1 Raa8 20. Qf4 Qxf4 21. gxf4 Nd6 22. Nf3 f6 23. Rc2 Kf7 24. g3 h6 25. Kg2 g5 26. Rh1 g4 27. Ne1 Nf5 28. Rc1 c5 29. dxc5 bxc5 30. Nc2 Nb6 31. Rhd1 h5 32. Na3 h4 33. gxh4 g3 34. Bd2 Nxh4+ 35. Kf1 g2+ 36. Ke2 Rg8 37. Rg1 d4 38. f3 Nd7 39. e4 Rg7 40. Nc4 Rag8 41. Be1 Ng6 42. Bd2 Nh4 1/2-1/2

[Event "5th EKA IIFL Investment 2019"]
[Site "Mumbai"]
[Date "2019.12.30"]
[Round "1.32"]
[White "Soham Datar"]
[Black "Zysk, Robert"]
[Result "0-1"]
[ECO "E46"]
[WhiteElo "2145"]
[BlackElo "2403"]
[Annotator "ChessBase"]
[PlyCount "58"]
[EventDate "2019.12.30"]
[EventType "swiss"]
[EventCountry "IND"]
[SourceTitle "playchess.com"]
[Source "ChessBase"]
[SourceQuality "1"]
[TimeControl "40/5400+30:1800+30"]

1. d4 Nf6 2. c4 e6 3. Nc3 Bb4 4. e3 O-O 5. Bd2 d5 6. a3 Be7 7. cxd5 exd5 8. Bd3 c5 9. Nge2 Nc6 10. O-O a6 11. Qc2 c4 12. Bf5 Bd6 13. f3 Re8 14. Rad1 Bc7 15. Ng3 g6 16. Bxc8 Rxc8 17. Bc1 b5 18. Qf2 Qd7 19. Kh1 h5 20. Nge2 b4 21. Na4 Nxd4 22. Nxd4 Qxa4 23. axb4 Qxb4 24. g4 Be5 25. gxh5 Nxh5 26. Rg1 Bg7 27. Ne2 Red8 28. Qg2 Qd6 29. Nd4 Rc6 0-1

[Event "5th EKA IIFL Investment 2019"]
[Site "Mumbai"]
[Date "2019.12.30"]
[Round "1.33"]
[White "Moksh Amit Doshi"]
[Black "Priyanka, Kumari"]
[Result "1-0"]
[ECO "E71"]
[WhiteElo "2399"]
[BlackElo "1874"]
[Annotator "ChessBase"]
[PlyCount "61"]
[EventDate "2019.12.30"]
[EventType "swiss"]
[EventCountry "IND"]
[SourceTitle "playchess.com"]
[Source "ChessBase"]
[SourceQuality "1"]
[TimeControl "40/5400+30:1800+30"]

1. d4 Nf6 2. c4 g6 3. Nc3 Bg7 4. e4 d6 5. h3 O-O 6. Be3 e5 7. d5 Na6 8. g4 Nc5 9. f3 c6 10. Nge2 cxd5 11. cxd5 Bd7 12. Qd2 a5 13. Ng3 h5 14. gxh5 Nxh5 15. Nxh5 Qh4+ 16. Qf2 Qxf2+ 17. Kxf2 gxh5 18. Rg1 f5 19. Bxc5 dxc5 20. Rg5 b5 21. Bxb5 Bxb5 22. Rag1 Rf7 23. Nxb5 fxe4 24. Nd6 Rxf3+ 25. Ke2 Ra7 26. Ne8 Rxh3 27. Nxg7 Rh2+ 28. Ke3 Rxb2 29. Ne6+ Kh8 30. Rg8+ Kh7 31. Nf8+ 1-0

[Event "5th EKA IIFL Investment 2019"]
[Site "Mumbai"]
[Date "2019.12.30"]
[Round "1.34"]
[White "Madjidov, Jasur"]
[Black "Mendonca, Leon Luke"]
[Result "0-1"]
[ECO "E32"]
[WhiteElo "2136"]
[BlackElo "2398"]
[Annotator "ChessBase"]
[PlyCount "88"]
[EventDate "2019.12.30"]
[EventType "swiss"]
[EventCountry "IND"]
[SourceTitle "playchess.com"]
[Source "ChessBase"]
[SourceQuality "1"]
[TimeControl "40/5400+30:1800+30"]

1. d4 Nf6 2. c4 e6 3. Nc3 Bb4 4. Qc2 O-O 5. a3 Bxc3+ 6. Qxc3 b6 7. Bg5 Bb7 8. e3 d6 9. f3 h6 10. Bh4 c5 11. dxc5 dxc5 12. Rd1 Qe7 13. Bg3 Rd8 14. Rxd8+ Qxd8 15. Bd3 Nbd7 16. Ne2 Nh5 17. Bf2 Qg5 18. Ng3 Nxg3 19. hxg3 e5 20. g4 e4 21. Be2 exf3 22. gxf3 Re8 23. Rh5 Qg6 24. Rf5 Qe6 25. Rh5 Ne5 26. Rh3 h5 27. Qc2 hxg4 28. Qh7+ Kf8 29. Bh4 Ng6 30. fxg4 Be4 31. Qh5 f6 32. Bf2 Kf7 33. g5 Rh8 34. Qxg6+ Bxg6 35. Rxh8 Qe4 36. Kf1 Qb1+ 37. Kg2 Be4+ 38. Kg3 Qxb2 39. Bg4 Qe5+ 40. Kh3 Qxg5 41. Rh5 Qg6 42. Bg3 Bg2+ 43. Kh4 Qe4 44. Bf2 Bf3 0-1

[Event "5th EKA IIFL Investment 2019"]
[Site "Mumbai"]
[Date "2019.12.30"]
[Round "1.35"]
[White "Abdisalimov, Abdimalik"]
[Black "Chilukuri Sai Varshith"]
[Result "1-0"]
[ECO "A37"]
[WhiteElo "2394"]
[BlackElo "2118"]
[Annotator "ChessBase"]
[PlyCount "95"]
[EventDate "2019.12.30"]
[EventType "swiss"]
[EventCountry "IND"]
[SourceTitle "playchess.com"]
[Source "ChessBase"]
[SourceQuality "1"]
[TimeControl "40/5400+30:1800+30"]

1. c4 g6 2. Nc3 c5 3. g3 Nc6 4. Bg2 Bg7 5. Nf3 d6 6. O-O Bf5 7. h3 Qd7 8. Kh2 Nf6 9. d3 h6 10. e4 Be6 11. Be3 O-O 12. Qd2 Kh7 13. b3 a6 14. Nd5 Rab8 15. Nxf6+ exf6 16. d4 cxd4 17. Nxd4 Nxd4 18. Bxd4 b5 19. cxb5 Rxb5 20. Rad1 Rc8 21. Qb2 a5 22. f4 a4 23. b4 a3 24. Qxa3 Qb7 25. e5 Bd5 26. Bxd5 Qxd5 27. Bf2 Qe6 28. exd6 Rd5 29. Rxd5 Qxd5 30. Bc5 Ra8 31. Rd1 Qxd1 32. Qxa8 Bf8 33. Qxf8 Qe2+ 34. Kg1 Qd1+ 35. Kf2 Qd2+ 36. Kf3 Qd3+ 37. Be3 Qd5+ 38. Ke2 Qc4+ 39. Kd2 Qxb4+ 40. Kd3 Qa3+ 41. Kd4 Qa4+ 42. Kc5 Qa3+ 43. Kc6 Qa4+ 44. Kc7 Qc4+ 45. Kd8 Qd5 46. d7 Qa5+ 47. Ke8 Qa8+ 48. d8=Q 1-0

[Event "5th EKA IIFL Investment 2019"]
[Site "Mumbai"]
[Date "2019.12.30"]
[Round "1.36"]
[White "Bommini Mounika Akshaya"]
[Black "Rajesh, V A V"]
[Result "1/2-1/2"]
[ECO "D85"]
[WhiteElo "2113"]
[BlackElo "2393"]
[Annotator "ChessBase"]
[PlyCount "114"]
[EventDate "2019.12.30"]
[EventType "swiss"]
[EventCountry "IND"]
[SourceTitle "playchess.com"]
[Source "ChessBase"]
[SourceQuality "1"]
[TimeControl "40/5400+30:1800+30"]

1. d4 Nf6 2. c4 g6 3. Nc3 d5 4. cxd5 Nxd5 5. Bd2 Bg7 6. e4 Nb6 7. Be3 O-O 8. Be2 Nc6 9. Nf3 Bg4 10. e5 Nb4 11. Qd2 N6d5 12. Nxd5 Nxd5 13. Bh6 Qd7 14. Bxg7 Kxg7 15. h3 Bxf3 16. Bxf3 Rad8 17. h4 Qf5 18. O-O-O c6 19. Rhe1 Rd7 20. h5 Rfd8 21. Re4 c5 22. h6+ Kg8 23. Rde1 Nb4 24. Bg4 Nxa2+ 25. Kb1 Rxd4 26. Qxd4 cxd4 27. Bxf5 gxf5 28. Rf4 Nb4 29. Rd1 Nc6 30. Rxf5 e6 31. Rg5+ Kf8 32. f4 Ne7 33. Rg3 Nf5 34. Rgd3 Ke7 35. R1d2 Rg8 36. Rb3 Rb8 37. Kc2 Rc8+ 38. Kd3 Rc7 39. Ke4 b6 40. Ra3 a5 41. Rb3 Rc6 42. g4 Nxh6 43. Kf3 Rc1 44. Rxd4 Rf1+ 45. Ke2 Rh1 46. g5 Nf5 47. Rc4 Rh2+ 48. Ke1 Kf8 49. Rxb6 Ne3 50. Re4 Nd5 51. Rb3 Kg7 52. Ra4 Kg6 53. Rxa5 Nxf4 54. Rf3 Kxg5 55. Rb5 Kg4 56. Ra3 Kf5 57. Rb7 Kxe5 1/2-1/2

[Event "5th EKA IIFL Investment 2019"]
[Site "Mumbai"]
[Date "2019.12.30"]
[Round "1.37"]
[White "Eraschenkov, Denis"]
[Black "Safranska, Anda"]
[Result "1-0"]
[ECO "B06"]
[WhiteElo "2386"]
[BlackElo "2112"]
[Annotator "ChessBase"]
[PlyCount "99"]
[EventDate "2019.12.30"]
[EventType "swiss"]
[EventCountry "IND"]
[SourceTitle "playchess.com"]
[Source "ChessBase"]
[SourceQuality "1"]
[TimeControl "40/5400+30:1800+30"]

1. e4 g6 2. d4 Bg7 3. Nf3 a6 4. c4 d6 5. Nc3 e5 6. Bg5 f6 7. Be3 Nh6 8. h3 Nf7 9. Qd2 Nc6 10. O-O-O O-O 11. Be2 Kh8 12. Kb1 Rb8 13. d5 Ne7 14. Ne1 f5 15. f3 c5 16. dxc6 bxc6 17. c5 dxc5 18. Qxd8 Rxd8 19. Rxd8+ Nxd8 20. Bg5 Rb7 21. Bxa6 Rd7 22. Bxc8 Nxc8 23. Bxd8 Rxd8 24. Nc2 Kg8 25. Ne3 f4 26. Nc4 Rd4 27. b3 Nd6 28. Nxd6 Rxd6 29. Kc2 Bf8 30. Na4 c4 31. bxc4 Rd4 32. Kc3 Bd6 33. Nb2 Kf7 34. Rd1 Ke6 35. Rxd4 exd4+ 36. Kb3 Kd7 37. Nd3 c5 38. Ka4 Kc6 39. Ka5 g5 40. Ka6 Bb8 41. a4 Bc7 42. e5 Bb8 43. e6 Bd6 44. h4 gxh4 45. Ka7 Kc7 46. a5 Kc6 47. a6 Kc7 48. Ka8 Kc8 49. a7 Kc7 50. Nxf4 1-0

[Event "5th EKA IIFL Investment 2019"]
[Site "Mumbai"]
[Date "2019.12.30"]
[Round "1.38"]
[White "Aakash Sharadchandra, Dalvi"]
[Black "Sammed Jaykumar, Shete"]
[Result "0-1"]
[ECO "A45"]
[WhiteElo "2107"]
[BlackElo "2381"]
[Annotator "ChessBase"]
[PlyCount "86"]
[EventDate "2019.12.30"]
[EventType "swiss"]
[EventCountry "IND"]
[SourceTitle "playchess.com"]
[Source "ChessBase"]
[SourceQuality "1"]
[TimeControl "40/5400+30:1800+30"]

1. d4 Nf6 2. Bf4 g6 3. Nc3 d5 4. e3 Bg7 5. h4 h5 6. Nf3 O-O 7. Ne5 c5 8. Be2 Nc6 9. Qd2 Bf5 10. f3 cxd4 11. exd4 Qb6 12. Nxc6 Qxc6 13. O-O-O Rfc8 14. Bb5 Qb6 15. Bd3 Bxd3 16. Qxd3 Rc4 17. b3 Rc6 18. Na4 Qa5 19. Kb1 Nd7 20. Bd2 Qc7 21. g4 Nf6 22. Bg5 hxg4 23. Bxf6 Rxf6 24. fxg4 Rf4 25. Qg3 Rc8 26. c3 Bxd4 27. Rc1 Be5 28. Qd3 Qd7 29. h5 Qxg4 30. hxg6 Qf5 31. gxf7+ Kxf7 32. Rh7+ Ke6 33. Qxf5+ Rxf5 34. Re1 Kd6 35. b4 b6 36. Re3 Rf2 37. Rh5 Bf6 38. Rd3 d4 39. Rh1 Rc4 40. a3 Kc6 41. cxd4 Bxd4 42. Rc1 Rxc1+ 43. Kxc1 Kd5 0-1

[Event "5th EKA IIFL Investment 2019"]
[Site "Mumbai"]
[Date "2019.12.30"]
[Round "1.39"]
[White "Manik, Mikulas"]
[Black "Kamdar Udit"]
[Result "1-0"]
[ECO "B11"]
[WhiteElo "2379"]
[BlackElo "2107"]
[Annotator "ChessBase"]
[PlyCount "79"]
[EventDate "2019.12.30"]
[EventType "swiss"]
[EventCountry "IND"]
[SourceTitle "playchess.com"]
[Source "ChessBase"]
[SourceQuality "1"]
[TimeControl "40/5400+30:1800+30"]

1. e4 c6 2. Nf3 d5 3. Nc3 Bg4 4. h3 Bxf3 5. Qxf3 Nf6 6. d3 e6 7. Bd2 Nbd7 8. g3 Be7 9. Bg2 O-O 10. O-O b5 11. Qe2 b4 12. Nd1 Qc7 13. f4 Rfd8 14. Nf2 Nf8 15. e5 N6d7 16. d4 c5 17. dxc5 Bxc5 18. Kh2 Be7 19. c4 bxc3 20. Bxc3 Nb6 21. Bd4 Rac8 22. Nd3 Qc2 23. Qf3 Qa4 24. Qe3 Nfd7 25. f5 Bf8 26. fxe6 fxe6 27. Nf4 Re8 28. b3 Qb4 29. a3 Qb5 30. a4 Qa5 31. Nh5 Be7 32. Nf6+ Bxf6 33. exf6 Nxf6 34. Rxf6 gxf6 35. Bxf6 d4 36. Qh6 Rc7 37. Rf1 Rf7 38. Rf4 Rxf6 39. Qxf6 Qh5 40. Rg4+ 1-0

[Event "5th EKA IIFL Investment 2019"]
[Site "Mumbai"]
[Date "2019.12.30"]
[Round "1.40"]
[White "Parnali, S Dharia"]
[Black "Czebe, Attila"]
[Result "0-1"]
[ECO "A50"]
[WhiteElo "2102"]
[BlackElo "2374"]
[Annotator "ChessBase"]
[PlyCount "106"]
[EventDate "2019.12.30"]
[EventType "swiss"]
[EventCountry "IND"]
[SourceTitle "playchess.com"]
[Source "ChessBase"]
[SourceQuality "1"]
[TimeControl "40/5400+30:1800+30"]

1. d4 Nf6 2. c4 b6 3. Nc3 Bb7 4. f3 d5 5. cxd5 Nxd5 6. e4 Nxc3 7. bxc3 e5 8. Qa4+ Qd7 9. Qxd7+ Nxd7 10. Be3 Ba3 11. Rb1 O-O-O 12. Bc4 Rhf8 13. Ne2 f5 14. exf5 e4 15. fxe4 Bxe4 16. Rb3 Bd6 17. O-O Bxf5 18. Bf4 Be4 19. Rb5 Rde8 20. Rg5 g6 21. Rg3 Bb7 22. Bxd6 Rxf1+ 23. Kxf1 cxd6 24. Ke1 Nf6 25. Bd3 Kd7 26. h4 Be4 27. Bb5+ Bc6 28. Bd3 Re7 29. a3 Be4 30. Kd2 Nh5 31. Rg5 Nf6 32. Rg3 Nh5 33. Rg5 Bxd3 34. Kxd3 Rf7 35. g4 Ng7 36. h5 Rf6 37. d5 Ke7 38. Ke3 Rf1 39. Ng3 Rg1 40. Kf2 Rxg3 41. Kxg3 Kf7 42. c4 Ne8 43. Kf4 Nf6 44. Ke3 Ng8 45. Kf4 Kf6 46. Rxg6+ hxg6 47. g5+ Kg7 48. h6+ Nxh6 49. gxh6+ Kxh6 50. Kg4 Kg7 51. Kg5 Kf7 52. Kg4 Kf6 53. Kf4 g5+ 0-1

[Event "5th EKA IIFL Investment 2019"]
[Site "Mumbai"]
[Date "2019.12.30"]
[Round "1.41"]
[White "Konguvel, Ponnuswamy"]
[Black "Tiwari, Arjun"]
[Result "1/2-1/2"]
[ECO "C63"]
[WhiteElo "2367"]
[BlackElo "2101"]
[Annotator "ChessBase"]
[PlyCount "81"]
[EventDate "2019.12.30"]
[EventType "swiss"]
[EventCountry "IND"]
[SourceTitle "playchess.com"]
[Source "ChessBase"]
[SourceQuality "1"]
[TimeControl "40/5400+30:1800+30"]

1. e4 e5 2. Nf3 Nc6 3. Bb5 f5 4. d3 fxe4 5. dxe4 Nf6 6. O-O Bc5 7. Bxc6 bxc6 8. Nxe5 O-O 9. Nc3 Ba6 10. Nd3 Bd4 11. Ne2 Bb6 12. Ng3 Qe7 13. Bg5 h6 14. Bxf6 Rxf6 15. Qg4 d6 16. Kh1 Bxd3 17. cxd3 Rxf2 18. Nf5 Qf6 19. Rxf2 Bxf2 20. Rf1 Bd4 21. b3 Re8 22. h4 c5 23. Rf3 Qe6 24. Qh5 Be5 25. Ne3 Rf8 26. Qg4 Qxg4 27. Nxg4 Bd4 28. h5 Ra8 29. Rf5 a5 30. e5 a4 31. exd6 axb3 32. axb3 cxd6 33. Rd5 Rb8 34. Rxd6 Rxb3 35. Kh2 Rxd3 36. Rc6 Kf7 37. Rxc5 Bxc5 38. Ne5+ Kf6 39. Nxd3 Bd6+ 40. Kh3 Kg5 41. g4 1/2-1/2